 Dungeon Crawl Stone Soup version 0.28-a0-313-gbc0475efdd (webtiles) character file.

Game seed: 10962298138438964306

2893 bearlyready the Carver (level 9, -5/74 HPs)
             Began as a Gnoll Cinder Acolyte on Aug 31, 2021.
             Was a High Priest of Ignis.
             Slain by a boulder beetle (13 damage)
             ... on level 7 of the Dungeon on Sept 1, 2021.
             The game lasted 00:20:49 (9485 turns).

bearlyready the Carver (Gnoll Cinder Acolyte)       Turns: 9485, Time: 00:20:50

Health: -5/74      AC: 12    Str: 17    XL:     9   Next: 77%
Magic:  17/17      EV: 11    Int: 19    God:    Ignis [*****.]
Gold:   480        SH:  0    Dex:  8    Spells: 17/18 levels left

rFire   + + .      SeeInvis .   J - +0 short sword (elec)
rCold   + . .      Faith    .   (no shield)
rNeg    . . .      Spirit   .   h - +0 ring mail
rPois   +          Reflect  .   (no helmet)
rElec   +          Harm     .   t - +0 cloak
rCorr   +          Rampage  .   (no gloves)
Will    .....                   l - +0 pair of boots
Stlth   ++........              (no amulet)
HPRegen 0.22/turn               j - +6 ring of intelligence
MPRegen 0.15/turn               D - +4 ring of protection

@: resistant, weak-willed
A: fangs 1, strong nose, distributed training
a: Renounce Religion, Sea of Fire, Foxfire Swarm, Rising Flame


You were on level 7 of the Dungeon.
You worshipped Ignis.
Ignis was extremely pleased with you.
You visited 1 branch of the dungeon, and saw 8 of its levels.

You collected 480 gold pieces.

Inventory:

Hand Weapons
 a - a -1 falchion of flaming
 g - a +1 dagger of pain
 p - a +2 dagger of draining
 z - a +1 whip of electrocution
 H - a +0 war axe
 J - a +0 short sword of electrocution (weapon)
Missiles
 e - 182 stones
 k - 33 sling bullets
 y - 46 bolts
Armour
 b - a +0 robe
 h - a +0 ring mail (worn)
 l - a +0 pair of boots (worn)
 t - a +0 cloak (worn)
Jewellery
 j - a +6 ring of intelligence (left hand)
 q - a +6 ring of intelligence
 x - a ring of see invisible
 D - a +4 ring of protection (right hand)
 I - a ring of protection from cold
Wands
 o - a wand of flame (16)
 r - a wand of polymorph (10)
 F - a wand of iceblast (7)
 M - a wand of acid (5)
Scrolls
 d - 3 scrolls of identify
 i - a scroll of amnesia
 m - a scroll of enchant weapon {unknown}
 u - a scroll of silence {unknown}
 w - a scroll of fog {unknown}
 B - a scroll of enchant armour {unknown}
 C - 3 scrolls of acquirement
 G - a scroll of vulnerability
 K - a scroll of noise {unknown}
Potions
 c - a potion of degeneration {unknown}
 f - 5 potions of resistance
 n - a potion of might
 s - a potion of flight {unknown}
 v - 2 potions of haste {unknown}
 A - 2 potions of brilliance {unknown}
 E - 2 potions of heal wounds {unknown}
 L - a potion of cancellation {unknown}


   Skills:
 + Level 8.1 Fighting
 + Level 4.5 Short Blades
 + Level 8.1 Long Blades
 + Level 4.5 Axes
 + Level 4.5 Maces & Flails
 + Level 4.5 Polearms
 + Level 4.5 Staves
 + Level 4.5 Slings
 + Level 4.5 Bows
 + Level 4.5 Crossbows
 + Level 4.5 Throwing
 + Level 4.5 Armour
 + Level 4.5 Dodging
 + Level 4.5 Stealth
 + Level 4.5 Shields
 + Level 4.5 Unarmed Combat
 + Level 5.4 Spellcasting
 + Level 3.7 Conjurations
 + Level 3.7 Hexes
 + Level 3.7 Summonings
 + Level 3.7 Necromancy
 + Level 3.7 Translocations
 + Level 3.7 Transmutations
 + Level 4.4 Fire Magic
 + Level 3.7 Ice Magic
 + Level 3.7 Air Magic
 + Level 3.7 Earth Magic
 + Level 3.7 Poison Magic
 + Level 5.0 Invocations
 + Level 4.5 Evocations


You had 17 spell levels left.
You knew the following spells:

 Your Spells              Type           Power      Damage    Failure   Level
a - Foxfire               Conj/Fire      80%        2x1d8     3%          1

Your spell library contained the following spells:

 Spells                   Type           Power      Damage    Failure   Level
 Pain                     Necr           76%        1d7       4%          1
 Slow                     Hex            19%        N/A       7%          2
 Static Discharge         Conj/Air       19%        N/A       7%          2
 Sublimation of Blood     Necr           9%         N/A       7%          2
 Wereblood                Tmut           19%        N/A       7%          2
 Call Canine Familiar     Summ           19%        N/A       13%         3
 Confusing Touch          Hex            19%        N/A       13%         3
 Portal Projectile        Hex/Tloc       38%        N/A       13%         3
 Tukima's Dance           Hex            19%        N/A       13%         3
 Sticky Flame             Conj/Fire      20%        2d4       36%         4
 Dispel Undead            Necr           19%        3d11      41%         4
 Leda's Liquefaction      Hex/Erth       9%         N/A       41%         4
 Passage of Golubria      Tloc           N/A        N/A       41%         4
 Fireball                 Conj/Fire      10%        3d6       71%         5
 Agony                    Necr           19%        N/A       77%         5
 Excruciating Wounds      Necr           9%         N/A       77%         5
 Summon Cactus Giant      Summ           9%         N/A       77%         5
 Yara's Violent Unravell  Hex/Tmut       9%         3d6       77%         5
 Summon Hydra             Summ           9%         N/A       100%        7


Dungeon Overview and Level Annotations

Branches:
Dungeon (8/15)             Temple (0/1) D:6
   Lair: D:8-11

Altars:
Ashenzari
Cheibriados
Gozag
Kikubaaqudgha
Trog

Shops:
D:3 [(*[

Annotations:
D:5 1 exclusion
D:8 Psyche


Innate Abilities, Weirdness & Mutations

You have very sharp teeth.
Your uncanny sense of smell can sniff out nearby items.
Your experience applies equally to all skills.


Message History

The boulder beetle is moderately wounded.
The foxfire hits the boulder beetle but does no damage.
The boulder beetle is moderately wounded.
The foxfire hits the boulder beetle.
The boulder beetle is moderately wounded.
The boulder beetle bites you!
Aiming: Corrosive Bolt
Press: ? - help, Shift-Dir - straight line, f - boulder beetle
Aim: a boulder beetle (moderately wounded, 100% to hit)
The bolt of acid hits the boulder beetle but does no damage.
The boulder beetle is moderately wounded.
The boulder beetle bites you!!
* * * LOW HITPOINT WARNING * * *
Okay, then.
Okay, then.
The boulder beetle leaps!
The boulder beetle curls into a ball and begins rolling!
As you read the scroll labelled PISEAJ TIUGGUK, it crumbles to dust.
It is a scroll of identify.
C - 3 scrolls of acquirement The boulder beetle misses you.
The boulder beetle stops rolling and uncurls.
The boulder beetle curls into a ball and begins rolling!
As you read the scroll labelled WAQAUWNUNG, it crumbles to dust.
Magic quickly surges around you.
It was a scroll of vulnerability.
The boulder beetle barely misses you.
The boulder beetle stops rolling and uncurls.
As you read the scroll labelled RUYDYRGH AXUHIWN, it crumbles to dust.
It is a scroll of amnesia.
Really abort (and waste the scroll)? [Y]es or [N]o only, please.
Really abort (and waste the scroll)?
Okay, then.
The boulder beetle bites you!
* * * LOW HITPOINT WARNING * * *
Okay, then.
It was a potion of resistance.
You feel protected. The boulder beetle bites you!
You die...

##### #...#
###########.#.#
...........>#.#
#############.########
# #....# #..B@....# #
#....#######..#.#
######....##...#...#.#
##...........#.#####.#
..........#..#.......#
...###....#..#####...#
#########.#......<..##
....# #.##...)....#
.##.# #.#########.#


You could see a boulder beetle (weak-willed).

Vanquished Creatures
  Pikel (D:5)
  2 vampire mosquitoes (D:7)
  3 ice beasts
  2 black bears
  An ogre (D:7)
  2 necrophages (D:7)
  A sky beast (D:4)
  3 centaurs
  2 lemures (D:5)
  2 phantoms (D:5)
  A bullfrog (D:5)
  A scorpion (D:7)
  A water moccasin zombie (D:5)
  A wyvern skeleton (D:7)
  A water moccasin skeleton (D:4)
  Crazy Yiuf (D:3)
  4 hounds
  2 jellies
  A bullfrog skeleton (D:4)
  Terence (D:2)
  3 iguanas
  Natasha (thrice) (D:3)
  2 orc wizards
  A hound zombie (D:4)
  A hound skeleton (D:4)
  A mummy (D:3)
  7 gnolls
  6 adders
  A shadow imp (D:6)
  2 white imps
  2 ufetubi (D:5)
  3 adder zombies (D:4)
  An adder skeleton (D:4)
  5 worms
  3 dart slugs
  16 orcs
  5 endoplasms
  2 giant cockroaches
  7 goblins
  3 hobgoblins
  3 jackals (D:1)
  5 kobolds
  3 quokkas
  9 ball pythons
  3 bats
  5 frilled lizards
  9 rats
144 creatures vanquished.

Vanquished Creatures (collateral kills)
  A foxfire (D:4)
1 creature vanquished.

Vanquished Creatures (others)
  An orc (D:6)
  346 foxfires
  2 plants (D:6)
349 creatures vanquished.

Grand Total: 494 creatures vanquished

Notes
Turn   | Place    | Note
-------+----------+-------------------------------------------
     0 | D:1      | bearlyready the Gnoll Cinder Acolyte began the quest for
                  | the Orb.
     0 | D:1      | Reached XP level 1. HP: 23/23 MP: 4/4
     6 | D:1      | Noticed a scorpion
     6 | D:1      | Noticed a snapping turtle
     7 | D:1      | Noticed a black bear
     7 | D:1      | Noticed a water moccasin
   129 | D:1      | Reached XP level 2. HP: 29/29 MP: 5/5
   365 | D:1      | Reached XP level 3. HP: 25/35 MP: 7/7
   893 | D:2      | Reached skill level 1 in Invocations
  1053 | D:2      | Reached skill level 1 in Short Blades
  1053 | D:2      | Reached skill level 1 in Axes
  1053 | D:2      | Reached skill level 1 in Maces & Flails
  1053 | D:2      | Reached skill level 1 in Polearms
  1053 | D:2      | Reached skill level 1 in Staves
  1053 | D:2      | Reached skill level 1 in Slings
  1053 | D:2      | Reached skill level 1 in Bows
  1053 | D:2      | Reached skill level 1 in Crossbows
  1053 | D:2      | Reached skill level 1 in Throwing
  1053 | D:2      | Reached skill level 1 in Armour
  1053 | D:2      | Reached skill level 1 in Dodging
  1053 | D:2      | Reached skill level 1 in Stealth
  1053 | D:2      | Reached skill level 1 in Shields
  1053 | D:2      | Reached skill level 1 in Unarmed Combat
  1053 | D:2      | Reached skill level 1 in Evocations
  1090 | D:2      | Reached XP level 4. HP: 39/41 MP: 8/8
  1445 | D:2      | Reached skill level 1 in Conjurations
  1445 | D:2      | Reached skill level 1 in Hexes
  1445 | D:2      | Reached skill level 1 in Summonings
  1445 | D:2      | Reached skill level 1 in Necromancy
  1445 | D:2      | Reached skill level 1 in Translocations
  1445 | D:2      | Reached skill level 1 in Transmutations
  1445 | D:2      | Reached skill level 1 in Ice Magic
  1445 | D:2      | Reached skill level 1 in Air Magic
  1445 | D:2      | Reached skill level 1 in Earth Magic
  1445 | D:2      | Reached skill level 1 in Poison Magic
  1949 | D:2      | Noticed Terence
  1960 | D:2      | Killed Terence
  1961 | D:2      | Reached XP level 5. HP: 36/47 MP: 1/9
  2366 | D:3      | Found a snail-covered altar of Cheibriados.
  2450 | D:3      | Found Banit's Armour Boutique.
  2646 | D:3      | Noticed Natasha
  2653 | D:3      | Killed Natasha
  2681 | D:3      | Noticed Natasha
  2688 | D:3      | Killed Natasha
  2725 | D:3      | Noticed Natasha
  2730 | D:3      | Killed Natasha
  2731 | D:3      | Reached XP level 6. HP: 30/53 MP: 4/10
  2886 | D:3      | Found Nat Momu's Assorted Antiques.
  2976 | D:3      | Found Kuganuv's Armour Shoppe.
  3349 | D:3      | Found a runed translucent door.
  3350 | D:3      | Noticed Crazy Yiuf
  3685 | D:3      | Found Kunuett's Antique Weapon Emporium.
  3871 | D:3      | Killed Crazy Yiuf
  4968 | D:4      | Noticed an ice beast
  4997 | D:4      | Killed an ice beast
  4998 | D:4      | Reached XP level 7. HP: 53/60 MP: 2/12
  5649 | D:5      | Entered Level 5 of the Dungeon
  5905 | D:5      | Reached XP level 8. HP: 63/67 MP: 14/14
  5950 | D:5      | Noticed a moth of wrath
  5953 | D:5      | Found a bloodstained altar of Trog.
  6258 | D:5      | Noticed Pikel
  6579 | D:5      | Killed Pikel
  7383 | D:6      | Reached XP level 9. HP: 50/73 MP: 8/16
  7959 | D:6      | Found a staircase to the Ecumenical Temple.
  8088 | D:6      | Reached skill level 5 in Spellcasting
  8283 | D:7      | Noticed a boulder beetle
  8423 | D:7      | Found a broken altar of Ashenzari.
  9116 | D:7      | Reached skill level 5 in Invocations
  9250 | D:7      | Found an opulent altar of Gozag.
  9405 | D:8      | Noticed Psyche
  9413 | D:8      | Found an ancient bone altar of Kikubaaqudgha.
  9429 | D:8      | Noticed a two-headed ogre
  9474 | D:7      | Identified 3 scrolls of acquirement
  9485 | D:7      | Slain by a boulder beetle

Illustrated notes

Levels and vault maps discovered:
D:1:      onia_arrival_zoo_common, layout_rooms
D:2:      layout_basic, uniq_terence
D:3:      layout_loops_ring, slow_altar_1, serial_shops,
          nicolae_shop_behind_doors, nicolae_shop_competitors_out_of_business,
          nicolae_shop_behind_doors, shop, item_on_display_a,
          uniq_crazy_yiuf_cottage, uniq_natasha
D:4:      layout_cave_pools, serial_undead, serial_undead_c, serial_undead_a,
          serial_undead_b, serial_undead_c
D:5:      layout_rooms, tgw_trog, mrwooster_statue_mirror, uniq_pikel
D:6:      layout_cave_pools, minmay_temple_entry_gardened_gates,
          chequers_serial_rivers_small_b
D:7:      layout_basic, grunt_gozag_statues, mainiacjoe_overflow_paths
D:8:      layout_loops_ring, mainiacjoe_overflow_small_starburst,
          kennysheep_little_box, okawaru_trees_1,
          mainiacjoe_overflow_catch_the_wave, erik_lair_orcish_takeover,
          kennysheep_dice, uniq_psyche

Skill      XL: |  1  2  3  4  5  6  7  8  9 |
---------------+----------------------------+-----
Fire Magic     | 2 3 4 |  4.4
Invocations    | 1 2 3 4 5 |  5.0
Short Blades   | 1 2 3 4 |  4.5
Axes           | 1 2 3 4 |  4.5
Maces & Flails | 1 2 3 4 |  4.5
Polearms       | 1 2 3 4 |  4.5
Staves         | 1 2 3 4 |  4.5
Slings         | 1 2 3 4 |  4.5
Bows           | 1 2 3 4 |  4.5
Crossbows      | 1 2 3 4 |  4.5
Throwing       | 1 2 3 4 |  4.5
Armour         | 1 2 3 4 |  4.5
Dodging        | 1 2 3 4 |  4.5
Stealth        | 1 2 3 4 |  4.5
Shields        | 1 2 3 4 |  4.5
Unarmed Combat | 1 2 3 4 |  4.5
Evocations     | 1 2 3 4 |  4.5
Spellcasting   | 3 4 5 |  5.4
Conjurations   | 1 2 3 |  3.7
Hexes          | 1 2 3 |  3.7
Summonings     | 1 2 3 |  3.7
Necromancy     | 1 2 3 |  3.7
Translocations | 1 2 3 |  3.7
Transmutations | 1 2 3 |  3.7
Ice Magic      | 1 2 3 |  3.7
Air Magic      | 1 2 3 |  3.7
Earth Magic    | 1 2 3 |  3.7
Poison Magic   | 1 2 3 |  3.7
Fighting       | 7 8 |  8.1
Long Blades    | 7 8 |  8.1

Action                   |  1- 3 |  4- 6 |  7- 9 || total
-------------------------+-------+-------+-------++-------
Melee: Falchion          |   113 |   109 |    72 ||   294
       Bite              |     4 |     8 |    18 ||    30
       Punch             |     1 |     1 |     3 ||     5
       Whip              |       |       |   128 ||   128
       Short sword       |       |       |    24 ||    24
 Cast: Foxfire           |       |    69 |   104 ||   173
Invok: Foxfire Swarm     |       |       |     2 ||     2
Evoke: Wand              |       |       |     3 ||     3
  Use: Scroll            |       |       |     3 ||     3
       Potion            |       |       |     1 ||     1
 Stab: Sleeping          |     1 |       |       ||     1
Armor: Robe              |    26 |       |       ||    26
       Ring mail         |    10 |    39 |   152 ||   201
Dodge: Dodged            |    57 |    74 |   196 ||   327

Table legend: (Time is in decaauts)
 A = Elapsed time spent in this place.
 B = Non-inter-level travel time spent in this place.
 C = Inter-level travel time spent in this place.
 D = Time resting spent in this place.
 E = Time spent auto-exploring this place.
 F = Levels seen in this place.
 G = Mean time per level.
                   A        B        C        D        E       F      G
               +--------+--------+--------+--------+--------+-----+--------+
         Total |   9454 |   9052 |    402 |    927 |   6632 |   8 | 1181.8 |
       Dungeon |   9454 |   9052 |    402 |    927 |   6632 |   8 | 1181.8 |
               +--------+--------+--------+--------+--------+-----+--------+

Top non-repeatable levels by time:
     D:3: 2041 daAuts
     D:5: 1502 daAuts
     D:2: 1488 daAuts
     D:4: 1480 daAuts
     D:7: 1113 daAuts
     D:6: 907 daAuts
     D:1: 851 daAuts
     D:8: 68 daAuts
